 Dungeon Crawl Stone Soup version 0.29.0-13-gc9e81de378 (webtiles) character file.

Game seed: 12763164313393843051

521 KamiKatze the Cutter (level 7, -1/37 HPs)
             Began as a Vine Stalker Fighter on Sept 8, 2022.
             Slain by an ogre
             ... wielding a +0 giant club
              (8 damage)
             ... on level 4 of the Dungeon.
             The game lasted 00:12:45 (3285 turns).

KamiKatze the Cutter (Vine Stalker Fighter)         Turns: 3285, Time: 00:12:46

Health: -1/37      AC:  7    Str: 19    XL:     7   Next: 21%
Magic:  0/8        EV: 10    Int:  8    God:
Gold:   170        SH:  5    Dex: 15    Spells: 6/6 levels left

rFire   . . .      SeeInvis +   a - +0 rapier
rCold   . . .      Faith    .   c - +0 buckler
rNeg    . . .      Spirit   +   b - +0 scale mail
rPois   .          Reflect  .   (no helmet)
rElec   .          Harm     .   (no cloak)
rCorr   .          Rampage  .   o - +0 pair of gloves
Will    .....                   (no boots)
Stlth   ..........              (no amulet)
HPRegen 0.92/turn               q - ring of see invisible
MPRegen 0.11/turn               e - ring of flight

@: flying
A: fangs 2, regeneration 1, magic shield, antimagic bite, no potion heal 2
a: no special abilities


You were on level 4 of the Dungeon.
You visited 1 branch of the dungeon, and saw 4 of its levels.
You also visited: Sewer.

You collected 170 gold pieces.

Inventory:

Hand Weapons
 a - a +0 rapier (weapon)
Missiles
 h - 41 stones (quivered)
 j - 4 poisoned darts
Armour
 b - a +0 scale mail (worn)
 c - a +0 buckler (worn)
 o - a +0 pair of gloves (worn)
Jewellery
 e - a ring of flight (right hand)
 l - a ring of fire
 q - a ring of see invisible (left hand)
Wands
 u - a wand of flame (20)
Scrolls
 s - a scroll of summoning {unknown}
 v - a scroll of amnesia {unknown}
 w - a scroll of teleportation {unknown}
 x - a scroll of enchant weapon {unknown}
 y - a scroll of fear {unknown}
 z - a scroll of immolation {unknown}
Potions
 d - a potion of might
 f - a potion of lignification
 g - 3 potions of mutation
 i - 3 potions of flight
 k - a potion of haste
 m - a potion of cancellation {unknown}
 n - 2 potions of curing {unknown}
 p - 2 potions of attraction {unknown}
 r - a potion of brilliance {unknown}
 t - a potion of magic


   Skills:
 + Level 4.2 Fighting
 * Level 4.7 Short Blades
 - Level 3.0 Armour
 + Level 2.5 Dodging
 - Level 3.0 Shields


You had 6 spell levels left.
You didn't know any spells.
Your spell library contained the following spells:

 Spells                   Type           Power      Damage    Failure   Level
 Sandblast                Erth           0%         2d4       86%         1
 Passwall                 Tmut/Erth      0%         N/A       95%         2
 Stone Arrow              Conj/Erth      0%         3d7       99%         3


Dungeon Overview and Level Annotations

Branches:
Dungeon (4/15)              Sewer (visited)
 Temple: D:4-7

Altars:
Gozag
Zin

Annotations:
D:3 3 runed translucent doors, exclusion: 3 doors, kalagan's ghost, amateur DECj


Innate Abilities, Weirdness & Mutations

You have extremely sharp teeth.
Your natural rate of healing is unusually fast.
When hurt, damage is shared between your health and your magic reserves.
Your bite disrupts and absorbs the magic of your enemies.
Potions cannot restore your health.


Message History

You kill the orc!
No target in view!
Items here: )) [ ††.
Press: ? - help, . - travel You can't see that place. [the floor.] Unknown command.
Items here: )) [ ††.
Items here: )) [[ †.
An ogre is nearby!
The ogre shouts!
You hit the ogre but do no damage. You bite the ogre, but do no damage.
The ogre closely misses you.
You hit the ogre but do no damage. You bite the ogre. You drain its power.
The ogre is lightly wounded.
The ogre hits you with a +0 giant club!
You barely miss the ogre. You bite the ogre, but do no damage.
The ogre is lightly wounded.
You hit the ogre.
The ogre is moderately wounded.
The ogre hits you with a +0 giant club!!
* * * LOW HITPOINT WARNING * * *
You are too injured to fight recklessly!
You are too injured to fight recklessly!
You hit the ogre but do no damage.
The ogre is moderately wounded.
The ogre closely misses you.
You barely miss the ogre.
The ogre is moderately wounded.
You completely miss the ogre. You bite the ogre, but do no damage.
The ogre is moderately wounded.
The ogre hits you with a +0 giant club!
* * * LOW HITPOINT WARNING * * *
Unknown command.
Okay, then.
Saving game... please wait.
Welcome back, KamiKatze the Vine Stalker Fighter.
Press ? for a list of commands and other information.
The ogre attacks as you move away! The ogre hits you with a +0 giant club!
You die...

.. ... ####. ..#
.....#.# ###
####..#.# #.# ###
........###.####.#
##.........[.....#
#..........####.#
....[>..##..####.#
##.......#.O@.[).###
#.......##.####)).#
#..........# #.#†#
#.....#.##.# #.#)#
.....)#.##.# #.#.#
### #..... ...
..#.###.#
..######..##.####
................#
.PPPPPPP.....###


You could see an ogre.

Vanquished Creatures
  Sigmund (D:3)
  Pargi (Sewer)
  A scorpion (D:4)
  A necrophage (D:4)
  Jessica (D:3)
  An orc wizard (D:2)
  An adder (D:2)
  2 worms
  4 dart slugs
  11 orcs
  3 endoplasms (D:1)
  3 giant cockroaches (D:3)
  6 goblins
  7 hobgoblins
  2 jackals (Sewer)
  3 quokkas
  8 ball pythons
  4 bats
  A frilled lizard (D:2)
  6 kobolds
  6 rats
73 creatures vanquished.

Notes
Turn   | Place    | Note
-------+----------+-------------------------------------------
     0 | D:1      | KamiKatze the Vine Stalker Fighter began the quest for the
                  | Orb.
     0 | D:1      | Reached XP level 1. HP: 11/11 MP: 2/2
    79 | D:1      | Reached XP level 2. HP: 16/16 MP: 1/3
   797 | D:2      | Reached XP level 3. HP: 19/19 MP: 4/4
  1254 | D:2      | Gained mutation: Your natural rate of healing is unusually
                  | fast. [Vine Stalker growth]
  1254 | D:2      | Reached XP level 4. HP: 24/24 MP: 5/5
  1280 | D:2      | Reached skill level 1 in Dodging
  1715 | D:3      | Noticed Jessica
  1777 | D:3      | Found a runed translucent gate.
  1780 | D:3      | Found a runed translucent gate.
  1780 | D:3      | Identified the +9 mace "Zutos" {venom, Stlth+}
  1780 | D:3      | Identified the +3 scale mail "Taorier" {Will+ rCorr Int+5
                  | Dex-4}
  1780 | D:3      | Noticed kalagan's ghost (amateur DECj)
  1876 | D:3      | Found a glowing drain.
  1883 | Sewer    | Entered a sewer
  1917 | Sewer    | Noticed Pargi
  1947 | Sewer    | Killed Pargi
  1948 | Sewer    | Reached XP level 5. HP: 20/28 MP: 4/6
  2178 | D:3      | Killed Jessica
  2179 | D:3      | Reached XP level 6. HP: 7/33 MP: 1/7
  2283 | D:3      | Noticed Sigmund
  2292 | D:3      | Killed Sigmund
  2402 | D:3      | Found a glowing silver altar of Zin.
  2511 | D:3      | Found a faded altar of an unknown god.
  2744 | D:3      | Found a runed translucent gate.
  3024 | D:4      | Reached XP level 7. HP: 12/37 MP: 8/8
  3063 | D:4      | Found an opulent altar of Gozag.
  3285 | D:4      | Slain by an ogre

Illustrated notes

Levels and vault maps discovered:
D:1:      minmay_arrival_radiant_lines, layout_loops_ring
D:2:      minmay_diamond_boxcup, layout_loops_ring
D:3:      layout_basic, mainiacjoe_overflow_boulevard,
          biasface_ghost_orc_armoury, portal_sewer_entry_e,
          basic_ecumenical_altar, roderic_lattice_a, nicolae_figureground_pulse,
          uniq_sigmund, uniq_jessica
D:4:      layout_basic, general_overflow_altar,
          mainiacjoe_overflow_cross_hatched

Skill      XL: |  1  2  3  4  5  6 |
---------------+-------------------+-----
Short Blades   | 2 3 4 |  4.7
Fighting       | 3 4 |  4.2
Shields        | 3 |  3.0
Dodging        | 1 2 |  2.5
Armour         | 3 |  3.0

Action                   |  1- 3 |  4- 6 |  7- 9 || total
-------------------------+-------+-------+-------++-------
Melee: Rapier            |    88 |   119 |    47 ||   254
       Bite              |    18 |    42 |    17 ||    77
  Use: Scroll            |     3 |     5 |       ||     8
Armor: Scale mail        |    28 |    27 |     5 ||    60
Dodge: Dodged            |    19 |    48 |    14 ||    81
Block: Buckler           |    16 |    22 |     9 ||    47
